 Dungeon Crawl Stone Soup version 0.25-a0-589-g1e14c549ee (webtiles) character file.

Game seed: 15083328959522611350, levelgen mode: deterministic

28 kae the Skirmisher (level 2, 24/24 HPs)
             Began as a Demonspawn Chaos Knight on Mar 12, 2020.
             Was a Plaything of Xom.
             Quit the game on level 1 of the Dungeon.
             The game lasted 00:00:32 (961 turns).

kae the Skirmisher (Demonspawn Chaos Knight)         Turns: 961, Time: 00:00:33

Health: 24/24      AC:  7    Str: 12    XL:     2   Next: 96%
Magic:  2/2        EV:  8    Int: 13    God:    Xom [..*...]
Gold:   49         SH:  6    Dex: 12    Spells: 1/1 levels left

rFire    . . .     SeeInvis .   a - +0 mace (chaos)
rCold    . . .     Gourm    .   g - +0 kite shield
rNeg     . . .     Faith    .   b - +2 leather armour
rPois    .         Spirit   .   (no helmet)
rElec    .         Reflect  .   (no cloak)
rCorr    .         Harm     .   (no gloves)
MR       .....                  (no boots)
Stlth    +.........             (no amulet)
HPRegen  0.08/turn              (no ring)
MPRegen  0.08/turn              (no ring)

@: no status effects
A: thin metallic scales 1
a: Renounce Religion


You were on level 1 of the Dungeon.
You worshipped Xom.
You were a toy of Xom.
You were not hungry.

You visited 1 branch of the dungeon, and saw 1 of its levels.

You collected 49 gold pieces.

Inventory:

Hand Weapons
 a - a +0 mace of chaos (weapon)
Armour
 b - a +2 leather armour (worn)
 g - a +0 kite shield (worn)
Jewellery
 f - an uncursed ring of resist corrosion {unknown}
Scrolls
 d - 2 scrolls of noise {unknown}
 e - a scroll of enchant armour {unknown}
 h - a scroll of fog {unknown}
Comestibles
 c - 3 rations


   Skills:
 + Level 3.2 Fighting
 * Level 3.2 Maces & Flails
 + Level 2.2 Armour
 - Level 0.8 Dodging
 + Level 0.2 Shields


You had one spell level left.
You didn't know any spells.
Your spell library was empty.

Dungeon Overview and Level Annotations

Branches:
Dungeon (1/15)

Altars:


Innate Abilities, Weirdness & Mutations

You are partially covered in thin metallic scales. (AC +2)


Message History

Found a spear.
No target in view!
No target in view!
You see here a spear.
You see here a +0 dagger.
You see here a ring mail.
You open the door.
There is an open door here.
You open the door.
There is an open door here.
You open the door.
There is an open door here.
A rat comes into view.
The rat barely misses you.
A rat is nearby!
A rat is nearby!
You closely miss the rat. The rat completely misses you.
You hit the rat. You freeze the rat.
You kill the rat!
Are you sure you want to abandon this character and quit the game? (Confirm with "yes".)

..............'...'......#
..#############...########
..#...# #...# ..#.#.# #...#
......# ######...# #...###
#.....####
....######.....########
........##............#
.###.....#......@.....#
.###.....#.......†....#
...+.....#............#
####.....#.......^......
.......#.#.######≈≈≈#### ####
####...#)#.####≈≈≈≈≈≈ #..#
#.#.#)#.##≈≈≈≈##########..####
#.#.#(#.##≈≈≈≈≈#...†..........
####.###.#.##≈≈≈≈≈#...####'##.##'


There were no monsters in sight!

Vanquished Creatures
  An ooze (D:1)
  2 goblins (D:1)
  5 hobgoblins (D:1)
  4 jackals (D:1)
  2 kobolds (D:1)
  A ball python (D:1)
  A frilled lizard (D:1)
  5 rats (D:1)
21 creatures vanquished.

Notes
Turn   | Place    | Note
-------+----------+-------------------------------------------
     0 | D:1      | kae the Demonspawn Chaos Knight began the quest for the
                  | Orb.
     0 | D:1      | Reached XP level 1. HP: 18/18 MP: 1/1
   253 | D:1      | Gained mutation: You are partially covered in thin metallic
                  | scales. (AC +2) [demonic ancestry]
   253 | D:1      | Reached XP level 2. HP: 15/24 MP: 2/2
   574 | D:1      | XOM: cloud trail
   961 | D:1      | Quit the game

Levels and vault maps discovered:
D:1:      sevenhm_arrival_forest_fort_large_1, layout_basic

Skill      XL: |  1 |
---------------+----+-----
Maces & Flails | 3 |  3.2
Armour         | 2 |  2.2
Fighting       | |  3.2
Dodging        | |  0.8
Shields        | |  0.2

Action                   || total
-------------------------++-------
Melee: Mace              ||    66
Armor: Leather armour    ||    26
Dodge: Dodged            ||    52
Block: Kite shield       ||     2

Table legend:
 A = Non-vault XP
 B = Vault XP
 C = Vault XP percentage of total XP
 D = Non-vault monster count
 E = Vault monster count
 F = Vault count percentage of total count
                 A         B        C        D         E       F
            +---------+---------+-------+---------+---------+-------
      Total |      36 |       4 |  10.0 |      17 |       4 |  19.0
            +---------+---------+-------+---------+---------+-------
        D:1 |      36 |       4 |  10.0 |      17 |       4 |  19.0
            +---------+---------+-------+---------+---------+-------
